 Dungeon Crawl Stone Soup version 0.26.1-11-gd32895ea62 (webtiles) character file.

Game seed: 1889760633161885372

78312 Doot the Gelid (level 15, -47/113 HPs)
             Began as a Barachi Ice Elementalist on May 20, 2021.
             Was a High Priest of Vehumet.
             Killed from afar by a deep elf mage (54 damage)
             ... with a bolt of magma
             ... on level 1 of the Elven Halls.
             The game lasted 01:07:21 (26147 turns).

Doot the Gelid (Barachi Ice Elementalist)          Turns: 26147, Time: 01:07:22

Health: -47/113    AC: 13    Str: 10    XL:     15   Next: 59%
Magic:  7/33       EV: 14    Int: 22    God:    Vehumet [*****.]
Gold:   1172       SH:  0    Dex: 15    Spells: 5/42 levels left

rFire    . . .     SeeInvis .   d - +2 dagger (elec)
rCold    + + +     Faith    .   (no shield)
rNeg     + . .     Spirit   .   y - +3 leather armour {rC+}
rPois    .         Reflect  .   s - +2 helmet
rElec    .         Harm     .   U - +0 cloak {rF+}
rCorr    .         Rampage  .   p - +0 pair of gloves
Will     +....                  C - +1 pair of boots
Stlth    ++++......             O - amulet of Vitality {Regen+ HP+15}
HPRegen  0.68/turn              I - ring of ice
MPRegen  0.23/turn              Q - ring of Vanity {rC+ rN+ Dex+3}

@: slow
A: +LOS, swims, slowness 1, strong legs 2
a: Hop, Renounce Religion


You were on level 1 of the Elven Halls.
You worshipped Vehumet.
Vehumet was extremely pleased with you.
You visited 4 branches of the dungeon, and saw 19 of its levels.
You also visited: Gauntlet and Volcano.

You collected 1964 gold pieces.
You spent 792 gold pieces at shops.

Inventory:

Hand Weapons
 d - a +2 dagger of electrocution (weapon)
Missiles
 T - 9 curare-tipped darts
Armour
 p - a +0 pair of gloves (worn)
 q - the +1 scale mail "Tacoedae" {Will+ Int-2 Dex+3 SInv}
   (You bought it in a shop on level 2 of the Orcish Mines)

   It affects your intelligence (-2).
   It affects your dexterity (+3).
   It affects your willpower, your defense against some magical effects.
   It lets you see invisible.
 s - a +2 helmet (worn)
 t - a +2 ring mail of fire resistance
 y - a +3 leather armour of cold resistance (worn)
 C - a +1 pair of boots (worn)
 H - a scarf of harm
 U - a +0 cloak of fire resistance (worn)
Jewellery
 a - an uncursed ring of see invisible
 G - an uncursed amulet of guardian spirit
 I - a ring of ice (left hand)
 O - the amulet of Vitality (around neck) {Regen+ HP+15}
   (You found it on level 10 of the Dungeon)

   [amulet of regeneration]

   It affects your health (+15).
   It increases your rate of regeneration.
 P - the ring of Waeceig {rElec Stlth+}
   (You found it on level 14 of the Dungeon)

   [ring of stealth]

   It insulates you from electricity.
   It makes you more stealthy.
 Q - the ring of Vanity (right hand) {rC+ rN+ Dex+3}
   (You found it on level 10 of the Dungeon)

   [ring of positive energy]

   It affects your dexterity (+3).
   It protects you from cold.
   It protects you from negative energy.
 S - an uncursed ring of poison resistance
 X - an uncursed ring of wizardry
Wands
 m - a wand of disintegration (51)
 F - a wand of paralysis (25)
 J - a wand of acid (14)
 K - a wand of digging (7)
Scrolls
 b - 4 scrolls of magic mapping
 c - 4 scrolls of amnesia
 e - 5 scrolls of remove curse
 g - 2 scrolls of enchant weapon {unknown}
 h - 3 scrolls of blinking {unknown}
 i - 4 scrolls of immolation
 l - 3 scrolls of fog {unknown}
 n - a scroll of noise {unknown}
 o - 3 scrolls of fear {unknown}
 w - 7 scrolls of teleportation
 D - a scroll of silence {unknown}
 M - a scroll of random uselessness {unknown}
 Y - 2 scrolls of summoning {unknown}
Potions
 f - 2 potions of haste
 j - 4 potions of attraction
 k - 2 potions of mutation {unknown}
 r - 3 potions of berserk rage
 u - 3 potions of resistance
 v - 6 potions of heal wounds
 x - 7 potions of curing
 z - 4 potions of might
 A - 2 potions of flight
 B - a potion of magic {unknown}
 E - a potion of lignification {unknown}
 L - 5 potions of degeneration {unknown}
 N - a potion of invisibility {unknown}
 W - a potion of cancellation {unknown}
Miscellaneous
 R - a box of beasts
 V - a condenser vane


   Skills:
 + Level 3.4 Fighting
 + Level 3.5 Short Blades
 + Level 2.4 Armour
 + Level 4.9 Dodging
 * Level 10.0 Stealth
 + Level 14.0 Spellcasting
 * Level 7.9 Conjurations
 + Level 4.0 Summonings
 + Level 3.6 Translocations
 + Level 4.3 Fire Magic
 * Level 20.0 Ice Magic
 + Level 0.1 Evocations


You had 5 spell levels left.
You knew the following spells:

 Your Spells              Type           Power        Failure   Level
a - Freeze                Ice            100%         0%          1
b - Frozen Ramparts       Ice            100%         0%          3
c - Summon Ice Beast      Ice/Summ       80%          1%          4
d - Ozocubu's Armour      Ice            100%         0%          3
e - Hailstorm             Conj/Ice       86%          1%          4
f - Fireball              Conj/Fire      21%          3%          5
g - Iskenderun's Mystic   Conj/Tloc      41%          1%          4
h - Ozocubu's Refrigerat  Ice            50%          1%          6
i - Orb of Destruction    Conj           25%          38%         7

Your spell library contained the following spells:

 Spells                   Type           Power        Failure   Level
 Iron Shot                Conj/Erth      16%          36%         6
 Foxfire                  Conj/Fire      100%         1%          1
 Conjure Flame            Conj/Fire      42%          1%          3
 Inner Flame              Hex/Fire       25%          1%          3
 Static Discharge         Conj/Air       32%          1%          3
 Ice Form                 Ice/Tmut       73%          1%          4
 Ignite Poison            Fire/Tmut/Pois 21%          2%          3
 Metabolic Englaciation   Hex/Ice        36%          2%          5
 Animate Skeleton         Necr           30%          5%          1
 Corona                   Hex            16%          5%          1
 Corpse Rot               Necr/Air       N/A          8%          2
 Slow                     Hex            15%          8%          2
 Sublimation of Blood     Necr           7%           8%          2
 Portal Projectile        Hex/Tloc       46%          8%          3
 Irradiate                Conj/Tmut      16%          8%          5
 Vampiric Draining        Necr           7%           16%         3
 Cause Fear               Hex            7%           45%         4
 Leda's Liquefaction      Hex/Erth       7%           45%         4
 Petrify                  Tmut/Erth      15%          45%         4
 Alistair's Intoxication  Tmut/Pois      10%          82%         5
 Borgnjor's Vile Clutch   Necr/Erth      7%           82%         5
 Freezing Cloud           Conj/Ice/Air   35%          4%          6
 Simulacrum               Ice/Necr       36%          13%         6
 Starburst                Conj/Fire      21%          17%         6
 Conjure Ball Lightning   Conj/Air       16%          36%         6
 Eringya's Noxious Bog    Tmut/Pois      7%           86%         6


Dungeon Overview and Level Annotations

Branches:
Dungeon (15/15)            Temple (1/1) D:4            Lair (0/6) D:11
    Orc (2/2) D:9             Elf (1/3) Orc:2        Vaults (0/5) D:13
 Depths (0/5) D:15        Volcano (visited)         Gauntlet (visited)

Altars:
Cheibriados
Dithmenos
Elyvilon
Fedhas
Gozag
Hepliaklqana
Kikubaaqudgha
Makhleb
Nemelex Xobeh
Okawaru
Qazlal
Ru
Sif Muna
Trog
Uskayaw
Vehumet
Wu Jian
Xom
Yredelemnul
The Shining One

Shops:
D:7 :(   D:11 }[(   D:14 *   Orc:2 ([*:

Annotations:
D:3 2 transporters, danmikkh's ghost, amateur DsMo
D:6 Menkaure
D:10 2 runed translucent doors, Almogavar's ghost, journeyman DrCj


Innate Abilities, Weirdness & Mutations

You can be seen from farther away. (+LOS)
You can swim through water.
You cover ground slowly.
You can hop long distances.


Message History

The deep elf mage mumbles some strange words.
The deep elf mage blinks!
The deep elf high priest calls down the wrath of its god upon you.
The sphere of damnation explodes!
The damnation engulfs you!!
* * * LOW HITPOINT WARNING * * *
The deep elf mage gestures wildly while chanting.
The deep elf mage blinks!
You hear a shout!
Things that are here:
a +0 leather armour; a +0 short sword; an elf corpse Unknown command.
The deep elf mage mumbles some strange words.
The deep elf mage blinks!
There is an open door here.
Items here: )) [ †.
You close the door.
Something unseen opens the door.
The deep elf mage points at you and mumbles some strange words.
The bolt of magma hits you!!!
You die...

#........#.......#
#................#
#................+..# ###
#................#... .. ##
#................##.# #.######.
#...>...=.......##.# #........
##..............##.# ##.#.#.#.
##..............###.# #.#.#.#e
#............).@# #.# #......(
#..[............###.#####§###e..
#..............)#...[.§ee......#
##...........[.(e[....########.#
##....#........#)###.# #.#
##...##......[#.# #.# #.#
######+#######.# #.# #.# #.# #.#
#.# #.......... ..#


You could see a deep elf mage (empowered).

Vanquished Creatures
  Rupert (D:15)
  A storm dragon (D:14)
  A tengu reaver (D:14)
  An orc warlord (Orc:2)
  Azrael (D:14)
  3 boulder beetles
  2 vault guards (D:13)
  2 hydras (D:14)
  3 centaur warriors (D:14)
  17 two-headed ogres
  A dancing weapon (Elf:1)
  2 tengu warriors
  2 ogre magi (D:15)
  A deep troll earth mage (D:14)
  4 orc high priests (Orc:2)
  2 deep elf knights (Elf:1)
  Sonja (D:11)
  Nergalle (D:11)
  2 unseen horrors
  2 wizards
  Pikel (D:5)
  A deep elf archer (Elf:1)
  5 orc knights
  A wolf spider (D:10)
  10 ugly things
  A salamander (Volcano)
  3 necromancers
  6 orc sorcerers
  3 manticores
  9 deep elf magi
  2 cyclopes (D:14)
  2 centaur skeletons (D:14)
  A tengu conjurer (D:15)
  6 trolls
  4 slime creatures
  An air elemental (Elf:1)
  A shadow (D:13)
  3 wraiths
  4 wyverns
  Sigmund (D:3)
  2 fire bats (Volcano)
  30 yaks
  19 humans (D:13)
  A steam dragon (D:12)
  2 fire elementals (D:14)
  3 vampire mosquitoes
  2 soldier ants (D:13)
  7 hell hounds
  A water moccasin (D:11)
  23 orc warriors
  2 sky beasts
  4 black bears
  3 eyes of draining
  5 ice beasts
  20 ogres
  3 boggarts (D:15)
  A necrophage (D:10)
  14 centaurs
  2 lemures (D:5)
  Blork the orc (D:5)
  8 bullfrogs
  A wyvern skeleton (D:10)
  2 scorpions
  11 killer bees
  3 wights (D:15)
  3 howler monkeys
  3 jellies
  3 centaur zombies
  3 quasits
  22 orc priests
  9 hounds
  3 bullfrog skeletons
  Natasha (thrice) (D:3)
  3 iguanas
  30 orc wizards
  14 worker ants
  A hound zombie (D:10)
  2 gnolls (D:6)
  6 adders
  A shadow imp (D:10)
  3 white imps
  2 ufetubi
  2 adder skeletons
  2 worms
  4 dart slugs
  7 leopard geckos
  69 orcs
  6 giant cockroaches
  8 goblins
  4 hobgoblins
  8 jackals (D:1)
  9 kobolds
  5 quokkas
  2 ball pythons
  10 bats
  8 frilled lizards
  A leopard gecko skeleton (D:5)
  A leopard gecko zombie (D:5)
  10 rats
552 creatures vanquished.

Vanquished Creatures (collateral kills)
  Erolcha (D:9)
  A boulder beetle (D:15)
  Harold (D:9)
  3 centaur zombies
  A centaur skeleton (D:11)
  Grinder (D:3)
  Prince Ribbit (D:5)
  A vampire (D:12)
  A basilisk (D:11)
  A black bear (D:9)
  A necrophage (D:10)
  2 wyvern zombies
  A wyvern skeleton (D:13)
  A bullfrog zombie (D:7)
  2 orc priests (D:9)
  A hound (D:11)
  A bullfrog skeleton (D:11)
  2 iguanas
  2 gnolls (D:6)
  A worm (D:3)
  A quokka (D:10)
  A frilled lizard (D:3)
28 creatures vanquished.

Vanquished Creatures (others)
  5 yaks (D:10)
  An ogre (D:10)
  A howler monkey (D:10)
  A centaur zombie (D:10)
  2 jellies (D:10)
  An orc wizard (D:10)
  24 demonic plants (Gauntlet)
  A fungus (D:11)
  A plant (D:11)
37 creatures vanquished.

Grand Total: 617 creatures vanquished

Notes
Turn   | Place    | Note
-------+----------+-------------------------------------------
     0 | D:1      | Doot the Barachi Ice Elementalist began the quest for the
                  | Orb.
     0 | D:1      | Reached XP level 1. HP: 13/13 MP: 3/3
    79 | D:1      | Reached skill level 5 in Ice Magic
   163 | D:1      | Reached XP level 2. HP: 16/19 MP: 3/5
   631 | D:1      | Reached XP level 3. HP: 24/24 MP: 3/6
   635 | D:1      | Learned a level 3 spell: Frozen Ramparts
  1298 | D:2      | Reached skill level 6 in Ice Magic
  1369 | D:2      | Found a glowing golden altar of the Shining One.
  1664 | D:2      | Found a hide-covered altar of Uskayaw.
  1725 | D:2      | Reached XP level 4. HP: 24/30 MP: 4/8
  1853 | D:2      | Found an ancient bone altar of Kikubaaqudgha.
  2154 | D:2      | Found an iron altar of Okawaru.
  2275 | D:2      | Learned a level 4 spell: Summon Ice Beast
  2276 | D:3      | Noticed Natasha
  2282 | D:3      | Killed Natasha
  2283 | D:3      | Reached XP level 5. HP: 29/35 MP: 4/9
  2380 | D:3      | Noticed Sigmund
  2751 | D:4      | Reached skill level 7 in Ice Magic
  2994 | D:4      | Reached XP level 6. HP: 41/41 MP: 6/11
  3357 | D:4      | Reached skill level 8 in Ice Magic
  3405 | D:4      | Found a basalt altar of Yredelemnul.
  3446 | D:4      | Reached XP level 7. HP: 46/46 MP: 6/13
  3722 | D:4      | Found a staircase to the Ecumenical Temple.
  3748 | Temple   | Entered the Ecumenical Temple
  3873 | Temple   | Became a worshipper of Vehumet
  4306 | D:5      | Entered Level 5 of the Dungeon
  4332 | D:5      | Noticed Prince Ribbit
  4338 | D:5      | Learned a level 3 spell: Ozocubu's Armour
  4343 | D:5      | Learned a level 4 spell: Hailstorm
  4912 | D:5      | Reached skill level 9 in Ice Magic
  5003 | D:5      | Noticed Pikel
  5015 | D:5      | Killed Pikel
  5016 | D:5      | Reached skill level 5 in Spellcasting
  5016 | D:5      | Reached skill level 10 in Ice Magic
  5016 | D:5      | Reached XP level 8. HP: 37/52 MP: 0/16
  5192 | D:5      | Killed Prince Ribbit
  5193 | D:5      | Reached skill level 1 in Summonings
  5450 | D:5      | Noticed Blork the orc
  5463 | D:5      | Killed Blork the orc
  5782 | D:6      | Noticed Menkaure
  5964 | D:6      | Found an opulent altar of Gozag.
  6048 | D:6      | Reached skill level 11 in Ice Magic
  6403 | D:3      | Found a transporter.
  6406 | D:3      | Noticed danmikkh's ghost (amateur DsMo)
  6407 | D:3      | Found a transporter.
  6416 | D:3      | Reached XP level 9. HP: 48/58 MP: 2/18
  6552 | D:3      | Noticed Grinder
  6570 | D:3      | Killed Grinder
  6709 | D:3      | Killed Sigmund
  6854 | D:3      | Noticed Natasha
  6857 | D:3      | Killed Natasha
  7054 | D:3      | Noticed Natasha
  7071 | D:3      | Killed Natasha
  7311 | D:7      | Reached * piety under Vehumet
  7311 | D:7      | Offered knowledge of Foxfire by Vehumet.
  7451 | D:7      | Reached skill level 1 in Conjurations
  7697 | D:7      | Found a shadowy altar of Dithmenos.
  7837 | D:7      | Reached skill level 12 in Ice Magic
  8008 | D:7      | Reached skill level 1 in Fighting
  8008 | D:7      | Reached skill level 1 in Short Blades
  8318 | D:6      | Offered knowledge of Searing Ray by Vehumet.
  8320 | D:6      | Reached ** piety under Vehumet
  8514 | D:7      | Found a shimmering blue altar of Sif Muna.
  8740 | D:7      | Reached XP level 10. HP: 55/65 MP: 7/21
  8890 | D:7      | Found Zeremox's Antique Weapon Shoppe.
  8952 | D:7      | Found Fyiffec's Book Shoppe.
  9417 | D:8      | Reached skill level 13 in Ice Magic
  9651 | D:8      | Identified the Incunabulum of Ignition
  9671 | D:8      | Learned a level 5 spell: Fireball
 10242 | D:9      | Found a burning altar of Makhleb.
 10256 | D:9      | Noticed Harold
 10269 | D:9      | Killed Harold
 10270 | D:9      | Reached skill level 1 in Fire Magic
 10305 | D:8      | Offered knowledge of Static Discharge by Vehumet.
 10675 | D:9      | Reached skill level 5 in Stealth
 10834 | D:9      | Found a shimmering altar of Xom.
 10843 | D:9      | Found a staircase to the Orcish Mines.
 10845 | D:9      | Noticed Erolcha
 10853 | D:9      | Reached *** piety under Vehumet
 10860 | D:9      | Killed Erolcha
 11197 | D:9      | Found a bloodstained altar of Trog.
 11203 | D:9      | Reached skill level 14 in Ice Magic
 11526 | D:10     | Entered Level 10 of the Dungeon
 11649 | D:10     | Reached XP level 11. HP: 66/71 MP: 4/23
 11732 | D:10     | Offered knowledge of Iskenderun's Mystic Blast by Vehumet.
 11738 | D:10     | Learned a level 4 spell: Iskenderun's Mystic Blast
 12397 | D:10     | Killed an unseen horror
 12447 | D:10     | Noticed Almogavar's ghost (journeyman DrCj)
 12448 | D:10     | Noticed a lich
 12454 | D:10     | Noticed a skeletal warrior
 12496 | D:10     | Found a runed translucent door.
 12496 | D:10     | Noticed a skeletal warrior
 12496 | D:10     | Noticed a skeletal warrior
 12496 | D:10     | Noticed a fire giant
 12496 | D:10     | Noticed a deep troll
 12502 | D:10     | Noticed a necromancer
 12505 | D:10     | Found a runed translucent door.
 12511 | D:10     | Found a shimmering altar of Xom.
 13254 | D:10     | Reached **** piety under Vehumet
 13328 | D:10     | Noticed a brown ugly thing
 13328 | D:10     | Noticed a tengu warrior
 13328 | D:10     | Noticed a wolf spider
 13330 | D:10     | Noticed a boulder beetle
 13334 | D:10     | Killed a wolf spider
 13336 | D:10     | Killed a tengu warrior
 13337 | D:10     | Reached skill level 1 in Translocations
 13338 | D:10     | Killed a brown ugly thing
 13345 | D:10     | Killed a boulder beetle
 13353 | D:10     | Found the amulet of Vitality {Regen+ HP+15}
 13371 | D:10     | Identified the Grimoire of Evil Arts and Air
 13374 | D:10     | Got a brightly glowing brass ring
 13375 | D:10     | Identified the ring of Vanity {rC+ rN+ Dex+3} (You found it
                  | on level 10 of the Dungeon)
 13700 | D:11     | Found Gauhairph's Gadget Shoppe.
 13722 | D:11     | Offered knowledge of Lightning Bolt by Vehumet.
 13768 | D:11     | Reached skill level 15 in Ice Magic
 13815 | D:11     | Noticed Nergalle
 13826 | D:11     | Killed Nergalle
 13848 | D:11     | Noticed Sonja
 13852 | D:11     | Killed Sonja
 13853 | D:11     | Reached XP level 12. HP: 78/78 MP: 1/25
 13860 | D:11     | Reached skill level 10 in Spellcasting
 14222 | D:11     | Found Gidypeg's Antique Weapon Shoppe.
 14271 | D:11     | Found a staircase to the Lair.
 14729 | D:11     | Found Tublob's Armour Shop.
 15234 | D:12     | Found a gate leading to a gauntlet.
 15244 | Gauntlet | Entered a Gauntlet
 15244 | Gauntlet | Found a large runed translucent door.
 15244 | Gauntlet | Found a large runed translucent door.
 15244 | Gauntlet | Found a large runed translucent door.
 15244 | Gauntlet | Found a large runed translucent door.
 15244 | Gauntlet | Found a large runed translucent door.
 15244 | Gauntlet | Found a large runed translucent door.
 15244 | Gauntlet | Found a large runed translucent door.
 15244 | Gauntlet | Found a large runed translucent door.
 15244 | Gauntlet | Found a runed translucent door.
 15244 | Gauntlet | Found a transporter.
 15244 | Gauntlet | Found a transporter.
 15244 | Gauntlet | Found a runed translucent door.
 15244 | Gauntlet | Found a large runed translucent door.
 15244 | Gauntlet | Found a large runed translucent door.
 15244 | Gauntlet | Found a large runed translucent door.
 15244 | Gauntlet | Found a large runed translucent door.
 15244 | Gauntlet | Found a large runed translucent door.
 15244 | Gauntlet | Found a large runed translucent door.
 15244 | Gauntlet | Found a large runed translucent door.
 15244 | Gauntlet | Found a large runed translucent door.
 15247 | Gauntlet | Found a transporter.
 15247 | Gauntlet | Found a transporter.
 15254 | Gauntlet | Found a transporter.
 15260 | Gauntlet | Noticed a catoblepas
 15264 | Gauntlet | Noticed a catoblepas
 15269 | Gauntlet | Noticed a hell hog
 15270 | Gauntlet | Found a transporter.
 15272 | Gauntlet | Found a transporter.
 15279 | Gauntlet | Found a transporter.
 15279 | Gauntlet | Found a transporter.
 15279 | Gauntlet | Noticed a ghost crab
 15315 | Gauntlet | Found a transporter.
 15332 | Gauntlet | Found a runed translucent gate.
 15333 | Gauntlet | Found a runed translucent gate.
 15334 | Gauntlet | Found a transporter.
 15334 | Gauntlet | Found a runed translucent gate.
 15335 | Gauntlet | Found the +8 demon blade "Leech" {vamp, *Rage +Rage rN+}
 15342 | Gauntlet | Found a transporter.
 15401 | Gauntlet | Found a transporter.
 15493 | Gauntlet | Found a transporter.
 15509 | Gauntlet | Found a transporter.
 15522 | Gauntlet | Found a transporter.
 16131 | D:12     | Found a sparkling altar of Nemelex Xobeh.
 16461 | D:12     | Learned a level 6 spell: Ozocubu's Refrigeration
 16596 | D:13     | Reached skill level 16 in Ice Magic
 17218 | D:13     | Reached ***** piety under Vehumet
 17218 | D:13     | Offered knowledge of Olgreb's Toxic Radiance by Vehumet.
 17332 | D:13     | Gained mutation: You can hop long distances. [Barachi
                  | growth]
 17332 | D:13     | Reached XP level 13. HP: 85/85 MP: 26/28
 17340 | D:13     | Got a pitted great sword
 17340 | D:13     | Identified the +7 great sword "Hargheusk" {antimagic, +Inv
                  | +Fly rF++ Stlth-} (You found it on level 13 of the Dungeon)
 17433 | D:13     | Found a gate to the Vaults.
 17433 | D:13     | Noticed a vault guard
 17433 | D:13     | Noticed a vault guard
 17435 | D:13     | Killed a vault guard
 17440 | D:13     | Killed a vault guard
 17441 | D:13     | Reached skill level 17 in Ice Magic
 18120 | D:14     | Noticed Azrael
 18123 | D:14     | Killed Azrael
 18406 | D:14     | Found Afyoppaw's Blood Bar.
 18617 | D:13     | Reached skill level 5 in Conjurations
 20323 | D:14     | Reached skill level 18 in Ice Magic
 20458 | D:14     | Offered knowledge of Orb of Destruction by Vehumet.
 20459 | D:14     | Reached XP level 14. HP: 93/93 MP: 11/30
 20468 | D:14     | Learned a level 7 spell: Orb of Destruction
 20669 | D:14     | Noticed a tengu reaver
 20669 | D:14     | Noticed a storm dragon
 20674 | D:14     | Killed a tengu reaver
 20677 | D:14     | Killed a storm dragon
 20840 | D:14     | Got a smoking lead ring
 20840 | D:14     | Identified the ring of Waeceig {rElec Stlth+} (You found it
                  | on level 14 of the Dungeon)
 20997 | D:11     | Bought a +3 leather armour of cold resistance for 360 gold
                  | pieces
 21157 | D:15     | Entered Level 15 of the Dungeon
 21347 | D:15     | Noticed Rupert
 21352 | D:15     | Paralysed by Rupert for 3 turns
 22324 | D:15     | Reached skill level 1 in Armour
 22539 | D:15     | Killed Rupert
 22540 | D:15     | Reached skill level 19 in Ice Magic
 22673 | D:15     | Found a staircase to the Depths.
 23094 | Orc:1    | Entered Level 1 of the Orcish Mines
 23132 | Orc:1    | Reached XP level 15. HP: 98/98 MP: 32/32
 23473 | Orc:2    | Entered Level 2 of the Orcish Mines
 23515 | Orc:2    | Found a dark tunnel.
 23532 | Volcano  | Entered a volcano
 24265 | Orc:2    | Offered knowledge of Iron Shot by Vehumet.
 24276 | Orc:2    | Found a staircase to the Elven Halls.
 25000 | Orc:2    | Noticed an orc warlord
 25003 | Orc:2    | Killed an orc warlord
 25004 | Orc:2    | Reached skill level 10 in Stealth
 25241 | Orc:2    | Found Roilat's General Store.
 25241 | Orc:2    | Found Egoadd's Book Emporium.
 25244 | Orc:2    | Found Iho Tor's Antique Armour Emporium.
 25244 | Orc:2    | Found Kumeal's Antique Weapon Shoppe.
 25261 | Orc:2    | Bought a dazzling scale mail for 216 gold pieces
 25261 | Orc:2    | Bought a ruby-encrusted ring mail for 216 gold pieces
 25272 | Orc:2    | Identified the +1 ring mail of the Past {-Tele Regen+
                  | Str+3} (You bought it in a shop on level 2 of the Orcish
                  | Mines)
 25283 | Orc:2    | Identified the cursed +1 scale mail "Tacoedae" {Will+ Int-2
                  | Dex+3 SInv} (You bought it in a shop on level 2 of the
                  | Orcish Mines)
 25706 | Elf:1    | Entered Level 1 of the Elven Halls
 25935 | Elf:1    | Reached skill level 20 in Ice Magic
 26142 | Elf:1    | HP: 3/113 [deep elf high priest/damnation (22)]
 26147 | Elf:1    | Killed from afar by a deep elf mage

Illustrated notes

Levels and vault maps discovered:
D:1:      minmay_arrival_shattered_statue, layout_loops_ring,
          minmay_strange_pillars
D:2:      layout_loops_cross, kiku_gazebo_pond_becter, marbit_many_paths,
          overflow_temple_1_default, nicolae_tso_swordbearing_angel
D:3:      layout_rooms, gammafunk_ghost_arena, minmay_misc_feat_more_columns,
          uniq_sigmund, uniq_natasha, uniq_grinder
D:4:      layout_cave_pods, lemuel_coloured_pillars_altar,
          minmay_temple_entry_gardened_gates
D:5:      layout_gridville, uniq_prince_ribbit1, uniq_blork_the_orc, uniq_pikel
D:6:      layout_basic, old_standard_altar, chequers_temple_overflow_minitemple,
          uniq_menkaure
D:7:      layout_cave_pools, nicolae_dithmenos_through_a_glass_darkly,
          led_sif_pool, serial_shops, nicolae_shop_waterfront, shop, st_stairs_6
D:8:      layout_basic, grunt_ministairs_6
D:9:      layout_cave_pools, overflow_temple_1_default, trog_eyes_of_draining,
          orc_0_dummy, chequers_serial_rivers_small_3, amcnicky_altar_gilded,
          uniq_harold, uniq_erolcha
D:10:     minmay_the_grid_triangle_9x9_recursive_2
          [minmay_the_grid_triangle_9x9_prize_center,
          minmay_the_grid_triangle_9x9_longest,
          minmay_the_grid_triangle_9x9_dagger,
          minmay_the_grid_triangle_9x9_checkered], layout_basic,
          muffindrake_ghost_dual_entry, hangedman_decor_slide_cut,
          grunt_ministairs_14, xom_confusion_cloud
D:11:     layout_cave_pools, david_lair_generic, serial_shops,
          kennysheep_mini_moat, nicolae_shop_waterfront, shop_fountains,
          grunt_decor_clamped, uniq_nergalle, uniq_sonja
D:12:     layout_loops_corners, gauntlet_entry_generic, lemuel_tele_altar
D:13:     layout_roguey, grunt_vaults_entry_tiered
D:14:     minmay_sliced_demisemicircle, layout_loops_ring,
          minmay_misc_feat_enclosed, guppyfry_shop_blood, uniq_azrael
D:15:     grunt_enter_depths_magical_seal, layout_gridville,
          grunt_decor_resistance, uniq_rupert
Temple:   nicolae_temple_figure_zero
Orc:1:    layout_caves, nicolae_orc_rockfall
Orc:2:    st_orc_congregation, layout_caves, nicolae_volcano_entry_lava_flow
Elf:1:    layout_gridlike, orc_legates, hangedman_elf_represent

Skill      XL: |  1  2  3  4  5  6  7  8  9 10 11 12 13 14 15 |
---------------+----------------------------------------------+-----
Ice Magic      | 5 6 7 8 10 11 12 14 15 16 18 19 20 | 20.0
Stealth        | 2 4 5 6 7 8 9 10 | 10.0
Spellcasting   | 3 4 5 6 7 8 9 11 12 13 14 | 14.0
Summonings     | 1 2 3 4 |  4.0
Conjurations   | 1 2 4 5 7 |  7.9
Fighting       | 1 2 3 |  3.4
Short Blades   | 1 2 3 |  3.5
Dodging        | 3 4 |  4.9
Fire Magic     | 2 4 |  4.3
Translocations | 2 3 |  3.6
Armour         | 1 2 |  2.4
Evocations     | |  0.1

Action                   |  1- 3 |  4- 6 |  7- 9 | 10-12 | 13-15 || total
-------------------------+-------+-------+-------+-------+-------++-------
Melee: Unarmed           |     6 |       |       |       |       ||     6
       Dagger            |     1 |    15 |    33 |    95 |    28 ||   172
 Cast: Freeze            |    57 |    63 |    97 |    84 |     4 ||   305
       Frozen Ramparts   |     1 |     4 |    23 |    28 |     2 ||    58
       Hailstorm         |       |       |    34 |    63 |    36 ||   133
       Ozocubu's Armour  |       |       |     6 |     2 |       ||     8
       Summon Ice Beast  |       |       |    10 |    31 |    14 ||    55
       Iskenderun's Myst |       |       |       |    27 |    55 ||    82
       Ozocubu's Refrige |       |       |       |    15 |   134 ||   149
       Fireball          |       |       |       |       |    20 ||    20
       Orb of Destructio |       |       |       |       |     1 ||     1
Evoke: Wand              |       |       |       |     1 |     1 ||     2
  Use: Potion            |       |     2 |       |     3 |       ||     5
       Scroll            |       |       |       |     2 |     8 ||    10
 Stab: Sleeping          |       |       |     1 |     3 |       ||     4
       Distracted        |       |       |       |     1 |       ||     1
Armor: Robe              |    18 |     8 |    43 |    68 |    13 ||   150
       Leather armour    |       |       |       |       |    16 ||    16
       Fire dragon scale |       |       |       |       |     2 ||     2
       Ring mail         |       |       |       |       |     1 ||     1
Dodge: Dodged            |    60 |    35 |    89 |   130 |    56 ||   370
